 Dungeon Crawl Stone Soup version 0.27-a0-1196-g3e9cee4cb2 (webtiles) character file.

Game seed: 4638202133731576828

648 senseless the Chucker (level 7, 0/74 HPs)
             Began as an Ogre Hunter on May 27, 2021.
             Was an Initiate of the Shining One.
             Splashed by Ijyb's acid (14 damage)
             ... on level 4 of the Dungeon.
             The game lasted 00:16:17 (6441 turns).

senseless the Chucker (Ogre Hunter)                 Turns: 6441, Time: 00:16:18

Health: 0/74       AC:  6    Str: 17    XL:     7   Next: 53%
Magic:  7/7        EV: 10    Int: 12    God:    the Shining One [......]
Gold:   195        SH:  0    Dex: 11    Spells: 6/6 levels left

rFire    . . .     SeeInvis .   l - +2 dagger (freeze)
rCold    . . .     Faith    .   (no shield)
rNeg     . . .     Spirit   .   b - +0 robe
rPois    .         Reflect  .   (helmet restricted)
rElec    .         Harm     .   h - +2 cloak
rCorr    .         Rampage  .   (gloves unavailable)
Will     .....                  (boots unavailable)
Stlth    +.........             (no amulet)
HPRegen  0.22/turn              (no ring)
MPRegen  0.10/turn              (no ring)

@: glowing
A: large, unfitting armour, tough skin 1
a: Renounce Religion


You were on level 4 of the Dungeon.
You worshipped the Shining One.
The Shining One was noncommittal.
You visited 1 branch of the dungeon, and saw 4 of its levels.
You also visited: Sewer.

You collected 195 gold pieces.

Inventory:

Hand Weapons
 a - a +0 short sword
 l - a +2 dagger of freezing (weapon)
Missiles
 c - 3 large rocks
 d - 2 throwing nets
 f - 3 curare-tipped darts
 g - 26 poisoned darts
 o - 92 stones (quivered)
Armour
 b - a +0 robe (worn)
 h - a +2 cloak (worn)
Jewellery
 i - a ring of ice
Wands
 s - a wand of flame (8)
Scrolls
 p - a scroll of fear
 t - 2 scrolls of teleportation
Potions
 e - a potion of magic
 j - 2 potions of cancellation
 k - a potion of flight {unknown}
 m - a potion of heal wounds {unknown}
 n - a potion of might {unknown}
 q - 2 potions of haste {unknown}


   Skills:
 * Level 5.8 Fighting
 + Level 2.1 Short Blades
 * Level 6.0 Throwing
 * Level 3.7 Dodging
 + Level 1.9 Stealth


You had 6 spell levels left.
You didn't know any spells.
Your spell library contained the following spells:

 Spells                   Type           Power      Damage    Failure   Level
 Ignite Poison            Fire/Tmut/Pois 0%         N/A       69%         3
 Fireball                 Conj/Fire      0%         3d3       100%        5
 Starburst                Conj/Fire      0%         8x6d3     100%        6
 Ignition                 Fire           0%         3d3       100%        8


Dungeon Overview and Level Annotations

Branches:
Dungeon (4/15)              Sewer (visited)
 Temple: D:4-7

Altars:
Gozag
Vehumet
The Shining One

Annotations:
D:4 Ijyb


Innate Abilities, Weirdness & Mutations

You are too large for most types of armour.
You have tough skin. (AC +1)


Message History

Ijyb is moderately wounded.
You throw a stone. The stone hits Ijyb.
Ijyb is heavily wounded.
Ijyb zaps a wand.
The bolt of acid misses you.
You throw a stone. The stone barely misses Ijyb.
You throw a stone. The stone hits Ijyb but does no damage.
Ijyb is heavily wounded.
You hit Ijyb. You freeze Ijyb.
Ijyb is heavily wounded.
Ijyb hits you with a +6 club.
You hit Ijyb but do no damage.
Ijyb is heavily wounded.
Ijyb hits you but does no damage.
You hit Ijyb but do no damage.
Ijyb is heavily wounded.
Ijyb hits you with a +6 club.
You are too injured to fight recklessly!
You are too injured to fight recklessly!
You are too injured to fight recklessly!
You hit Ijyb but do no damage.
Ijyb is heavily wounded.
Ijyb hits you with a +6 club.
You hit Ijyb but do no damage.
Ijyb is heavily wounded.
Ijyb zaps a wand.
The bolt of acid misses you.
You hit Ijyb but do no damage.
Ijyb is heavily wounded.
Ijyb barely misses you.
You hit Ijyb. You freeze Ijyb.
Ijyb is severely wounded.
Ijyb hits you with a +6 club!
You hit Ijyb but do no damage.
Ijyb is severely wounded.
You hit Ijyb but do no damage.
Ijyb is severely wounded.
Ijyb screams, "Level is mine!
All mine!"
Ijyb zaps a wand.
The bolt of acid hits you!
* * * LOW HITPOINT WARNING * * *
You are splashed with acid!
You die...

#...>..............
#.##...............
#.#######..........
#.......#[#########
#######.#.####.#..'
#.............#.##
#.#...........#.##
#.#.......##..#'##
#@#.......##......
.....(g.........'.......
....(...........##.....)
...(......##+#...#.#####
(.(.......##.#.###.#
(....#######.#.# #..
..... #.#.##### .....
#####'#.....#
#........##.#


You could see Ijyb.

Vanquished Creatures
  6 kobold brigands (Sewer)
  A centaur skeleton (D:4)
  8 adders
  2 river rats (Sewer)
  An ufetubus (D:4)
  An adder skeleton (D:4)
  A dart slug (D:4)
  2 worms
  7 orcs
  9 endoplasms
  5 giant cockroaches
  11 goblins
  5 hobgoblins
  8 jackals (D:1)
  2 quokkas
  5 ball pythons
  3 bats (D:1)
  5 frilled lizards
  16 kobolds
  7 rats
105 creatures vanquished.

Notes
Turn   | Place    | Note
-------+----------+-------------------------------------------
     0 | D:1      | senseless the Ogre Hunter began the quest for the Orb.
     0 | D:1      | Reached XP level 1. HP: 22/22 MP: 1/1
   135 | D:1      | Reached XP level 2. HP: 26/29 MP: 2/2
   456 | D:1      | Found a faded altar of an unknown god.
   916 | D:1      | Reached XP level 3. HP: 23/37 MP: 3/3
  1909 | D:2      | Reached XP level 4. HP: 42/45 MP: 4/4
  2848 | D:3      | Found a glowing golden altar of the Shining One.
  2913 | D:3      | Reached skill level 1 in Short Blades
  2913 | D:3      | Reached skill level 5 in Throwing
  2913 | D:3      | Became a worshipper of the Shining One
  3303 | D:3      | Reached XP level 5. HP: 49/54 MP: 5/5
  3803 | D:4      | Reached skill level 1 in Stealth
  3904 | D:4      | Found a radiant altar of Vehumet.
  4116 | D:4      | Found an opulent altar of Gozag.
  4183 | D:4      | Found a glowing drain.
  4192 | Sewer    | Entered a sewer
  4212 | Sewer    | Noticed a kobold brigand
  4271 | Sewer    | Killed a kobold brigand
  4272 | Sewer    | Reached XP level 6. HP: 13/63 MP: 6/6
  4716 | Sewer    | Reached skill level 5 in Fighting
  5520 | Sewer    | Reached XP level 7. HP: 69/72 MP: 7/7
  6067 | Sewer    | Reached skill level 6 in Throwing
  6424 | D:4      | Noticed Ijyb
  6441 | D:4      | Splashed by Ijyb's acid

Illustrated notes

Levels and vault maps discovered:
D:1:      matt_arrival_los_fun, layout_basic,
          shapermc_ecumenical_altar_starsandcircs
D:2:      wad_crossroads, layout_basic, kennysheep_pointless_box,
          minmay_goblin_outpost
D:3:      layout_loops_ring, lemuel_crystal_altar
D:4:      layout_basic, vehumet_crystals, lemuel_tele_altar,
          portal_sewer_entry_d, uniq_ijyb

Skill      XL: |  1  2  3  4  5  6  7 |
---------------+----------------------+-----
Fighting       | 3 4 5 |  5.8
Dodging        | 2 3 |  3.7
Short Blades   | 1 2 |  2.1
Throwing       | 5 6 |  6.0
Stealth        | 1 |  1.9

Action                   |  1- 3 |  4- 6 |  7- 9 || total
-------------------------+-------+-------+-------++-------
Melee: Short sword       |   149 |    19 |       ||   168
       Dagger            |       |   217 |    61 ||   278
Throw: Large rock        |    16 |     1 |       ||    17
       Stone             |       |   155 |    58 ||   213
  Use: Scroll            |     2 |     6 |     2 ||    10
       Potion            |       |     3 |       ||     3
 Stab: Sleeping          |     1 |       |       ||     1
Armor: Robe              |    65 |    72 |     6 ||   143
Dodge: Dodged            |    94 |   115 |    24 ||   233

Table legend: (Time is in decaauts)
 A = Elapsed time spent in this place.
 B = Non-inter-level travel time spent in this place.
 C = Inter-level travel time spent in this place.
 D = Time resting spent in this place.
 E = Time spent auto-exploring this place.
 F = Levels seen in this place.
 G = Mean time per level.
                   A        B        C        D        E       F      G
               +--------+--------+--------+--------+--------+-----+--------+
         Total |   6639 |   6520 |    119 |    466 |   5028 |   5 | 1327.8 |
       Dungeon |   4523 |   4404 |    119 |    188 |   3551 |   4 | 1130.8 |
         Sewer |   2115 |   2115 |      0 |    278 |   1476 |   1 | 2115.0 |
               +--------+--------+--------+--------+--------+-----+--------+

Top non-repeatable levels by time:
   Sewer: 2115 daAuts
     D:1: 1425 daAuts
     D:2: 1337 daAuts
     D:3: 992 daAuts
     D:4: 767 daAuts
